 Dungeon Crawl Stone Soup version 0.32-a0-900-g30fb1b0edc (webtiles) character file.

Game seed: 8073046429593056789

6431 RBrandon the Geomancer (level 10, 0/69 HPs)
             Began as a Mountain Dwarf Earth Elementalist on Apr 5, 2024.
             Was a Priest of Beogh.
             Killed from afar by an electric eel (10 damage)
             ... with a bolt of electricity
             ... on level 1 of the Lair of Beasts.
             The game lasted 00:27:52 (9991 turns).

RBrandon the Geomancer (MDEE)                       Turns: 9991, Time: 00:27:52

Health: 0/69       AC:  9    Str: 17    XL:     10   Next: 67%
Magic:  17/17      EV: 14    Int: 20    God:    Beogh [***...]
Gold:   461        SH:  0    Dex: 10    Spells: 1/14 levels left

rFire   . . .        e - staff of earth
rCold   . . .        E - orb {*channel}
rNeg    . . .        z - +0 swamp dragon scales
rPois   +            p - +0 helmet
rElec   .            B - scarf {shadows}
rCorr   .            (no gloves)
SInv    .            (no boots)
Will    +....        (no amulet)
Stlth   +            A - +5 ring of evasion
HPRegen 0.31/turn    G - +6 ring of strength
MPRegen 0.15/turn

%: channel magic (20%)
@: very slow
A: runic magic, artefact enchanting
a: Renounce Religion, Smiting, Recall Apostles, Dismiss Borgun, priest


You were on level 1 of the Lair of Beasts.
You worshipped Beogh.
Beogh was most pleased with you.
You visited 2 branches of the dungeon, and saw 9 of its levels.

You collected 461 gold pieces.

Inventory:

Hand Weapons
 f - a +0 dagger
 t - a +1 trident of venom
   (You took it off an orc on level 3 of the Dungeon)
 D - a +3 trident of draining
   (You took it off Jeremiah on level 6 of the Dungeon)
 H - a +3 scimitar of flaming
   (You took it off Erica on level 8 of the Dungeon)
Missiles
 x - 3 throwing nets
Armour
 a - a +0 robe
 d - a +0 chain mail
 p - a +0 helmet (worn)
 w - a +0 kite shield
 z - +0 swamp dragon scales (worn)
 B - a scarf of shadows (worn)
   (You found it on level 5 of the Dungeon)
 E - an orb of energy (worn)
   (You took it off Jeremiah on level 6 of the Dungeon)
Magical Staves
 e - a staff of earth (weapon)
Jewellery
 A - a +5 ring of evasion (left hand)
 G - a +6 ring of strength (right hand)
Wands
 r - a wand of paralysis (13)
 u - a wand of iceblast (11)
 C - a wand of acid (13)
 K - a wand of digging (7)
Scrolls
 g - 2 scrolls of teleportation
 h - a scroll of revelation {unknown}
 i - 6 scrolls of identify
 j - 3 scrolls of enchant weapon {unknown}
 k - a scroll of amnesia {unknown}
 l - a scroll of poison {unknown}
 m - 2 scrolls of blinking {unknown}
 q - 3 scrolls of immolation {unknown}
 s - 4 scrolls of fear {unknown}
 y - a scroll of enchant armour {unknown}
Potions
 b - 2 potions of magic
 n - a potion of attraction
 o - a potion of berserk rage
 v - a potion of enlightenment
 I - a potion of brilliance {unknown}
 J - a potion of mutation {unknown}


   Skills:
 - Level 5.1 Armour
 - Level 1.3 Dodging
 - Level 1.4 Stealth
 - Level 2.9 Spellcasting
 - Level 6.9 Conjurations
 - Level 11.9 Earth Magic
 + Level 10.5 Invocations


You had one spell level left.
You knew the following spells:

 Your Spells              Type           Power      Damage    Failure   Level
a - Sandblast             Erth           100%       2d20      1%          1
b - Stone Arrow           Conj/Erth      100%       3d13      5%          3
c - Passwall              Erth           66%        N/A       3%          3
d - Brom's Barrelling Bo  Conj/Erth      57%        2d7       11%         4
e - Blink                 Tloc           4%         N/A       47%         2

Your spell library contained the following spells:

 Spells                   Type           Power      Damage    Failure   Level
 Magic Dart               Conj           100%       1d8       4%          1
 Foxfire                  Conj/Fire      64%        2x1d7     13%         1
 Shock                    Conj/Air       64%        1d7       13%         1
 Momentum Strike          Conj/Tloc      32%        3d8       17%         2
 Petrify                  Alch/Erth      40%        N/A       32%         4
 Call Imp                 Summ           4%         N/A       47%         2
 Lesser Beckoning         Tloc           4%         N/A       47%         2
 Swiftness                Air            2%         N/A       67%         3
 Airstrike                Air            1%         2d(1-17)  95%         4


Dungeon Overview and Level Annotations

Branches:
Dungeon (8/15)             Temple (0/1) D:5            Lair (1/5) D:8

Altars:
Ashenzari
Qazlal
Sif Muna
Zin

Shops:
D:2 (   D:6 *

Annotations:
D:3 3 runed translucent doors, Ijyb; jestert79's ghost, amateur MDFi


Innate Abilities, Weirdness & Mutations

Your facial features are unmistakably orcish.
Your spellcasting is much less encumbered by armour.
You can use scrolls of enchantment on lesser artefacts.


Message History

The electric eel shoots out a bolt of lightning at you!
The bolt of electricity hits you!
Borgun mumbles some strange prayers to Beogh against the electric eel.
The electric eel is smitten.
The electric eel dies!
Beogh accepts your kill.
You hear a splash.
Aiming: Sandblast (safe; 1% risk of failure)
Press: ? - help, Q - select action, (/) - cycle Shift-Dir - straight line, f - you
Okay, then.
The electric eel shoots out a bolt of lightning at you!
The bolt of electricity hits you.
The electric eel shoots out a bolt of lightning at you!
The bolt of electricity hits Borgun.
The bolt of electricity hits you!
* * * LOW HITPOINT WARNING * * *
Borgun prays to Beogh.
Borgun's wounds begin to rapidly close.
The electric eel shoots out a bolt of lightning at you!
The bolt of electricity hits the plant!
The plant begins to die.
The bolt of electricity misses you.
The electric eel shoots out a bolt of lightning at you!
The bolt of electricity hits the plant!
The bolt of electricity misses you.
The electric eel shoots out a bolt of lightning at you!
The bolt of electricity hits the plant!
The bolt of electricity hits you!
* * * LOW HITPOINT WARNING * * *
Borgun closely misses the electric eel.
The electric eel shoots out a bolt of lightning at you!
The bolt of electricity hits the plant!
The bolt of electricity hits you.
* * * LOW HITPOINT WARNING * * *
The electric eel shoots out a bolt of lightning at you!
The bolt of electricity hits Borgun.
The bolt of electricity hits you!
* * * LOW HITPOINT WARNING * * *
Okay, then.
Okay, then.
Okay, then.
You feel better.
Borgun hits the electric eel with a +0 flail of protection.
The electric eel shoots out a bolt of lightning at you!
The bolt of electricity misses Borgun.
The bolt of electricity hits you!
You die...

.. ~ ##.♣~ #..~♣~~♣~~~
### ##.♣~~~~~P~~~ ###
###.###..♣♣~♣~~~~~~ ..##
#.....)...†~~♣S~~~~
...#####.####.#♣~~~~≈~≈~~
.........# #...♣~~P≈≈≈≈≈~
...####### ##..♣@~≈≈oS≈~P
#.## #.♣~~≈~≈≈≈≈≈~ ...###
#..~~~≈≈≈≈≈≈~ P....####
##♣♣~≈≈≈≈≈≈≈≈
.....##.######♣~~~≈≈≈≈≈≈≈
..............♣~~P≈≈≈≈≈≈≈
.(.........†..♣♣~~≈≈≈≈≈≈≈
......####.....♣~~≈≈≈≈≈≈≈
.P..### ###.##~~~≈~≈≈≈≈


You could see 2 electric eels and the friendly Borgun the orc apostle
(regenerating).

Vanquished Creatures
  Erica (D:8)
  Maggie (D:7)
  Jeremiah (D:6)
  A komodo dragon (Lair:1)
  A rime drake (Lair:1)
  5 blink frogs
  A wyvern (Lair:1)
  2 steam dragons
  A water moccasin (Lair:1)
  Duvessa (D:4)
  2 orc warriors
  2 black bears (D:7)
  An ice beast (D:7)
  An ogre (D:5)
  2 centaurs
  2 phantoms
  3 bullfrogs
  2 scorpions
  3 wights (D:8)
  Dowan (D:4)
  An electric eel (D:8)
  6 bombardier beetles
  3 howler monkeys (D:7)
  5 hounds
  3 orc priests
  6 jellies
  A sleepcap (D:4)
  Natasha (twice) (D:2)
  An iguana (D:6)
  5 orc wizards
  Robin (D:2)
  11 gnolls
  8 adders
  2 shadow imps
  A white imp (D:8)
  2 dart slugs
  A ribbon worm (D:4)
  11 orcs
  8 ball pythons
  6 endoplasms
  4 giant cockroaches
  15 goblins
  12 hobgoblins
  2 jackals (D:2)
  9 kobolds
  6 quokkas
  7 bats
  3 frilled lizards
  9 rats
185 creatures vanquished.

Vanquished Creatures (collateral kills)
  A cane toad (Lair:1)
  A water moccasin (Lair:1)
  A bullfrog (Lair:1)
  A wight (D:8)
  2 electric eels (Lair:1)
  An orc (D:8)
7 creatures vanquished.

Vanquished Creatures (others)
  2 orc priests
  2 orc wizards (D:7)
  3 orcs
7 creatures vanquished.

Grand Total: 199 creatures vanquished

Notes
Turn   | Place    | Note
-------+----------+-------------------------------------------
     0 | D:1      | RBrandon the Mountain Dwarf Earth Elementalist began the
                  | quest for the Orb.
     0 | D:1      | Reached XP level 1. HP: 14/14 MP: 3/3
   273 | D:1      | Reached XP level 2. HP: 19/20 MP: 3/5
   962 | D:2      | Reached XP level 3. HP: 26/26 MP: 2/7
  1015 | D:2      | Noticed Natasha
  1333 | D:1      | Reached skill level 4 in Earth Magic
  1500 | D:2      | Found Orghuev's Antique Weapon Boutique.
  1630 | D:3      | Noticed Ijyb
  1691 | D:2      | Killed Natasha
  1692 | D:2      | Reached XP level 4. HP: 33/33 MP: 4/8
  1789 | D:2      | Learned a level 3 spell: Stone Arrow
  1893 | D:2      | Noticed Natasha
  1908 | D:2      | Killed Natasha
  1909 | D:2      | Reached skill level 1 in Conjurations
  2072 | D:2      | Reached skill level 5 in Earth Magic
  2122 | D:2      | Noticed Robin
  2151 | D:2      | Killed Robin
  2152 | D:2      | Reached XP level 5. HP: 34/38 MP: 3/9
  2688 | D:3      | Became a worshipper of Beogh the Shepherd
  2850 | D:3      | Found a runed translucent gate.
  2850 | D:3      | Found a runed translucent gate.
  2850 | D:3      | Found a runed translucent gate.
  2857 | D:3      | Noticed jestert79's ghost (amateur MDFi)
  3078 | D:4      | Found a stormy altar of Qazlal.
  3235 | D:4      | Reached XP level 6. HP: 45/45 MP: 6/10
  3327 | D:4      | Reached skill level 6 in Earth Magic
  3332 | D:4      | Learned a level 3 spell: Passwall
  3747 | D:4      | Reached skill level 1 in Armour
  3875 | D:4      | Noticed Duvessa
  3883 | D:4      | Noticed Dowan
  3889 | D:4      | Killed Duvessa
  4022 | D:4      | Killed Dowan
  4130 | D:4      | Reached * piety under Beogh
  4297 | D:4      | Reached XP level 7. HP: 50/50 MP: 11/11
  4386 | D:3      | Found a faded altar of an unknown god.
  4729 | D:5      | Entered Level 5 of the Dungeon
  4790 | D:5      | Reached skill level 5 in Armour
  4997 | D:5      | Found a staircase to the Ecumenical Temple.
  5031 | D:5      | Reached skill level 7 in Earth Magic
  5286 | D:5      | Reached XP level 8. HP: 44/57 MP: 2/12
  5409 | D:5      | Reached skill level 8 in Earth Magic
  6013 | D:6      | Noticed Jeremiah
  6020 | D:6      | Killed Jeremiah
  6021 | D:6      | Reached skill level 9 in Earth Magic
  6270 | D:6      | Found Illut's Assorted Antiques.
  6277 | D:6      | Learned a level 4 spell: Brom's Barrelling Boulder
  6284 | D:6      | Reached skill level 10 in Earth Magic
  6445 | D:6      | Reached ** piety under Beogh
  6507 | D:6      | Identified a scroll of acquirement
  6508 | D:6      | Acquired a staff of earth
  6792 | D:7      | Noticed Maggie
  6837 | D:7      | Reached skill level 11 in Earth Magic
  6839 | D:7      | Reached XP level 9. HP: 56/62 MP: 8/13
  6840 | D:7      | Killed Maggie
  6995 | D:7      | Identified the +3 long sword of Tenacity {holy, rPois Dex+3
                  | SInv}
  7582 | D:7      | Found a shimmering blue altar of Sif Muna.
  7597 | D:7      | Learned a level 2 spell: Blink
  7601 | D:7      | Got Sif Muna's Catalogue of the Coals
  7742 | D:8      | Noticed Erica
  7764 | D:8      | Killed Erica
  7842 | D:8      | Found a broken altar of Ashenzari.
  8018 | D:8      | Found a staircase to the Lair.
  8023 | D:8      | Found a glowing silver altar of Zin.
  8211 | D:8      | Reached skill level 1 in Invocations
  8367 | D:8      | Reached XP level 10. HP: 69/69 MP: 7/14
  9057 | Lair:1   | Entered Level 1 of the Lair of Beasts
  9080 | D:8      | Reached skill level 5 in Invocations
  9377 | Lair:1   | Reached *** piety under Beogh
  9624 | Lair:1   | Noticed Borgun
  9630 | Lair:1   | Noticed a cane toad
  9632 | Lair:1   | Anointed Borgun the priest as your apostle
  9638 | Lair:1   | Killed a cane toad
  9639 | Lair:1   | Reached skill level 10 in Invocations
  9991 | Lair:1   | Killed from afar by an electric eel

Illustrated notes

Levels and vault maps discovered:
D:1:      kennysheep_arrival_seaside, layout_rooms
D:2:      wad_river_or_something, layout_loops_cross, serial_shops,
          nicolae_shop_peninsula, uniq_robin, uniq_natasha
D:3:      layout_loops_corners, gammafunk_ghost_necromancy,
          basic_ecumenical_altar, uniq_ijyb
D:4:      layout_basic, nicolae_qazlal_scattered_showers, minivault_5,
          uniq_duvessa
D:5:      layout_rooms, minmay_temple_entry_tees, water_maze_lemuel
D:6:      layout_basic, serial_shops, shop, kennysheep_generic_room_15,
          uniq_jeremiah
D:7:      layout_cave_pools, led_sif_book, kennysheep_generic_room_6,
          uniq_maggie
D:8:      layout_loops_ring, lemuel_crystal_altar, ashenzari_altar_1,
          dpeg_oklobed_lair, fountainhead, lightli_orcish_oven, uniq_erica
Lair:1:   layout_loops_ring, serial_bayou_lake_a, grunt_megastairs_2,
          infiniplex_staircase_pool_2, lemuel_fruit_tree, uniq_grum

Skill      XL: |  1  2  3  4  5  6  7  8  9 10 |
---------------+-------------------------------+-----
Spellcasting   | 2 |  2.9
Earth Magic    | 4 5 6 7 11 | 11.9
Conjurations   | 1 2 3 6 |  6.9
Armour         | 3 5 |  5.1
Invocations    | 3 10 | 10.5
Dodging        | |  1.3
Stealth        | |  1.4

Action                     |  1- 3 |  4- 6 |  7- 9 | 10-12 || total
---------------------------+-------+-------+-------+-------++-------
  Melee: Dagger            |    52 |    18 |       |       ||    70
         Unarmed           |     2 |       |       |       ||     2
         Trident           |       |    18 |    68 |       ||    86
         Staff             |       |       |       |     5 ||     5
   Cast: Sandblast         |    57 |    89 |    80 |    27 ||   253
         Passwall          |       |     1 |       |       ||     1
         Stone Arrow       |       |       |    17 |    15 ||    32
         Brom's Barrelling |       |       |    13 |    10 ||    23
         Blink             |       |       |     2 |       ||     2
 Invoke: Convert to Beogh  |       |     1 |       |       ||     1
         Smiting           |       |       |       |     1 ||     1
         Recall Apostles   |       |       |       |     1 ||     1
         Recruit Apostle   |       |       |       |     1 ||     1
  Evoke: Wand              |       |       |     8 |       ||     8
    Use: Scroll            |       |       |    10 |       ||    10
         Potion            |       |       |     2 |     3 ||     5
   Stab: Distracted        |       |     1 |       |       ||     1
 Armour: Chain mail        |   101 |    59 |   114 |       ||   274
         Swamp dragon scal |       |       |    21 |    49 ||    70
  Dodge: Dodged            |    26 |    13 |    28 |    35 ||   102

Table legend: (Time is in decaauts)
 A = Elapsed time spent in this place.
 B = Non-inter-level travel time spent in this place.
 C = Inter-level travel time spent in this place.
 D = Time resting spent in this place.
 E = Time spent auto-exploring this place.
 F = Levels seen in this place.
 G = Mean time per level.
                   A        B        C        D        E       F      G
               +--------+--------+--------+--------+--------+-----+--------+
         Total |  10159 |   9735 |    424 |   1877 |   5992 |   9 | 1128.8 |
       Dungeon |   9448 |   9024 |    424 |   1401 |   5922 |   8 | 1181.0 |
          Lair |    711 |    711 |      0 |    476 |     70 |   1 |  711.0 |
               +--------+--------+--------+--------+--------+-----+--------+

Top non-repeatable levels by time:
     D:8: 1562 daAuts
     D:4: 1330 daAuts
     D:1: 1217 daAuts
     D:2: 1210 daAuts
     D:5: 1096 daAuts
     D:3: 1067 daAuts
     D:6: 992 daAuts
     D:7: 970 daAuts
  Lair:1: 711 daAuts

Levels and vault maps discovered:
D:1:      kennysheep_arrival_seaside, layout_rooms
D:2:      wad_river_or_something, layout_loops_cross, serial_shops,
          nicolae_shop_peninsula, uniq_robin, uniq_natasha
D:3:      layout_loops_corners, gammafunk_ghost_necromancy,
          basic_ecumenical_altar, uniq_ijyb
D:4:      layout_basic, nicolae_qazlal_scattered_showers, minivault_5,
          uniq_duvessa
D:5:      layout_rooms, minmay_temple_entry_tees, water_maze_lemuel
D:6:      layout_basic, serial_shops, shop, kennysheep_generic_room_15,
          uniq_jeremiah
D:7:      layout_cave_pools, led_sif_book, kennysheep_generic_room_6,
          uniq_maggie
D:8:      layout_loops_ring, lemuel_crystal_altar, ashenzari_altar_1,
          dpeg_oklobed_lair, fountainhead, lightli_orcish_oven, uniq_erica
Lair:1:   layout_loops_ring, serial_bayou_lake_a, grunt_megastairs_2,
          infiniplex_staircase_pool_2, lemuel_fruit_tree, uniq_grum

Table legend: (Time is in decaauts)
 A = Elapsed time spent in this place.
 B = Non-inter-level travel time spent in this place.
 C = Inter-level travel time spent in this place.
 D = Time resting spent in this place.
 E = Time spent auto-exploring this place.
 F = Levels seen in this place.
 G = Mean time per level.
                   A        B        C        D        E       F      G
               +--------+--------+--------+--------+--------+-----+--------+
         Total |  10159 |   9735 |    424 |   1877 |   5992 |   9 | 1128.8 |
       Dungeon |   9448 |   9024 |    424 |   1401 |   5922 |   8 | 1181.0 |
          Lair |    711 |    711 |      0 |    476 |     70 |   1 |  711.0 |
               +--------+--------+--------+--------+--------+-----+--------+

Top non-repeatable levels by time:
     D:8: 1562 daAuts
     D:4: 1330 daAuts
     D:1: 1217 daAuts
     D:2: 1210 daAuts
     D:5: 1096 daAuts
     D:3: 1067 daAuts
     D:6: 992 daAuts
     D:7: 970 daAuts
  Lair:1: 711 daAuts

Table legend:
 A = Kills in this place as a percentage of kills in the entire game.
 B = Kills by you in this place as a percentage of kills by you in the entire game.
 C = Kills by friends in this place as a percentage of kills by friends in the entire game.
 D = Other kills in this place as a percentage of other kills in the entire game.
 E = Experience gained in this place as a percentage of experience gained in the entire game.
 F = Experience gained in this place divided by the number of levels of this place that you have seen.
                   A       B       C       D       E      F
               +-------+-------+-------+-------+-------+----------------------
         Total | 100.0 | 100.0 | 100.0 | 100.0 | 100.0 | 1020.9
       Dungeon |  92.7 |  95.1 |  16.7 | 100.0 |  69.2 | 795.0
          Lair |   7.3 |   4.9 |  83.3 |   0.0 |  30.8 | 2828.0
               +-------+-------+-------+-------+-------+----------------------
